 Dungeon Crawl Stone Soup version 0.29-a0-902-g0f71de6fce (console) character file.

Game seed: 17318706409668735169

385362 RBrandon the Crack Shot (level 21, -1/143 HPs)
             Began as a Demonspawn Hunter on July 22, 2022.
             Was the Champion of Hepliaklqana.
             Killed from afar by an iron dragon (69 damage)
             ... with a spray of metal splinters
             ... on level 5 of the Vaults on July 24, 2022.
             The game lasted 01:44:06 (37751 turns).

RBrandon the Crack Shot (Demonspawn Hunter)        Turns: 37751, Time: 01:44:07

Health: -1/143     AC: 14    Str:  6    XL:     21   Next: 98%
Magic:  28/28      EV: 37    Int: 20    God:    Hepliaklqana [******]
Gold:   1696       SH:  0    Dex: 38    Spells: 3/29 levels left

rFire   . . .      SeeInvis +   a - +5 longbow (flame)
rCold   + . .      Faith    .   (shield currently unavailable)
rNeg    + + .      Spirit   .   K - +5 steam dragon scales
rPois   +          Reflect  .   (helmet unavailable)
rElec   .          Harm     .   F - scarf {repulsion}
rCorr   .          Rampage  .   (gloves unavailable)
Will    ++...      Rage     3%  g - +2 pair of boots {Fly}
Stlth   +++.......              q - amulet "Fydeogg" {rC+ Will+ Regen+ Str-5 Int+7}
HPRegen 1.13/turn               y - ring "Vyej" {rPois Dex+6 SInv}
MPRegen 0.21/turn               t - ring of Music {+Blink rN++ Dex+6}

@: about to teleport, flying, repel missiles
A: reduced essence, claws 3, horns 3, ignite blood 2, spiny 1, corrupting
presence 2, weakness stinger 2, berserk 1
}: 2/15 runes: serpentine, barnacled
a: Renounce Religion, Evoke Blink, Recall Ancestor, Ancestor Identity,
Transference, Idealise


You were on level 5 of the Vaults.
You worshipped Hepliaklqana.
Hepliaklqana was exalted by your worship.
You visited 7 branches of the dungeon, and saw 36 of its levels.
You also visited: Sewer, Ossuary, Gauntlet, Ice Cave and Wizlab.

You collected 3991 gold pieces.
You spent 2295 gold pieces at shops.

Inventory:

Hand Weapons
 a - a +5 longbow of flaming (weapon)
   (You took it off Nessos on level 5 of the Lair of Beasts)
 i - the +8 arbalest of Saimn {penet, rPois rF+}
   (You found it on level 1 of the Vaults)

   Any ammunition fired by it passes through the targets it hits, potentially
   hitting all targets in its path until it reaches maximum range.
   rF:        It protects you from fire.
   rPois:     It protects you from poison.
Missiles
 r - 6 throwing nets
Armour
 g - a +2 pair of boots of flying (worn)
   (You found it in a Gauntlet)
 h - a scarf of resistance
   (You found it in a wizard's laboratory)
 z - the +11 scale mail of Kleptomania {rN+}
   (You bought it in a shop on level 2 of the Orcish Mines)

   rN:        It protects you from negative energy.
 F - a scarf of repulsion (worn)
   (You found it in a wizard's laboratory)
 K - +5 steam dragon scales (worn)
Jewellery
 b - a ring of protection from fire
 d - a ring of wizardry
 q - the amulet "Fydeogg" (around neck) {rC+ Will+ Regen+ Str-5 Int+7}
   (You found it in a Gauntlet)

   [amulet of regeneration]

   Str:       It affects your strength (-5).
   Int:       It affects your intelligence (+7).
   rC:        It protects you from cold.
   Regen:     It increases your rate of health regeneration.
   Will:      It increases your willpower.
 t - the ring of Music (right claw) {+Blink rN++ Dex+6}
   (You found it in a Gauntlet)

   [ring of dexterity]

   Dex:       It affects your dexterity (+6).
   rN:        It greatly protects you from negative energy.
   +Blink:    It lets you blink.
 v - a ring of resist corrosion
 y - the ring "Vyej" (left claw) {rPois Dex+6 SInv}
   (You bought it in a shop on level 14 of the Dungeon)

   [ring of poison resistance]

   Dex:       It affects your dexterity (+6).
   rPois:     It protects you from poison.
   SInv:      It lets you see invisible.
 M - an amulet of faith
 N - a +4 ring of protection
 O - the ring "Josuim" {rF+ rN+++ Will+ MP+9 Dex-2}
   (You found it on level 3 of the Snake Pit)

   [ring of willpower]

   Dex:       It affects your dexterity (-2).
   rF:        It protects you from fire.
   rN:        It renders you almost immune to negative energy.
   MP:        It affects your magic capacity (+9).
   Will:      It increases your willpower.
 R - a ring of protection from cold
Wands
 x - a wand of digging (33)
 S - a wand of mindburst (28)
 U - a wand of roots (19)
 W - a wand of acid (24)
Scrolls
 p - 4 scrolls of fog
 s - 3 scrolls of poison
 C - a scroll of summoning
 E - a scroll of brand weapon
 G - 3 scrolls of torment
 J - 4 scrolls of amnesia
 L - 6 scrolls of blinking
 P - 5 scrolls of teleportation
 Q - 3 scrolls of magic mapping
 Z - 8 scrolls of fear
Potions
 c - 8 potions of ambrosia
 e - 8 potions of mutation
 f - 2 potions of invisibility
 k - 2 potions of might
 l - a potion of cancellation
 m - 15 potions of curing
 n - 7 potions of attraction
 o - 6 potions of brilliance
 u - 5 potions of haste
 w - 7 potions of lignification
 A - 4 potions of heal wounds
 D - 10 potions of flight
 H - 4 potions of resistance
 I - 3 potions of magic
 V - 2 potions of berserk rage
Miscellaneous
 j - a lightning rod (4/4)
 B - a tin of tremorstones (2/2)
 T - a piece from Xom's chessboard (15/15)
 X - a box of beasts
 Y - a phantom mirror


   Skills:
 - Level 12.1 Fighting
 - Level 22.0 Ranged Weapons
 - Level 4.9 Armour
 - Level 17.0 Dodging
 - Level 0.8 Stealth
 - Level 4.5 Spellcasting
 + Level 12.2 Hexes
 - Level 4.1 Summonings
 - Level 12.0 Translocations
 - Level 2.4 Transmutations
 - Level 5.0 Air Magic
 - Level 10.4 Invocations


You had 3 spell levels left.
You knew the following spells:

 Your Spells              Type           Power      Damage    Failure   Level
a - Apportation           Tloc           100%       N/A       1%          1
b - Blink                 Tloc           100%       N/A       1%          2
c - Swiftness             Air            24%        N/A       4%          3
d - Portal Projectile     Hex/Tloc       100%       N/A       1%          3
e - Summon Forest         Summ/Tloc      18%        N/A       12%         5
f - Yara's Violent Unrav  Hex/Tmut       16%        3d8       17%         5
g - Enfeeble              Hex            26%        N/A       56%         7

Your spell library contained the following spells:

 Spells                   Type           Power      Damage    Failure   Level
 Slow                     Hex            100%       N/A       1%          1
 Ensorcelled Hibernation  Hex/Ice        56%        N/A       1%          2
 Confusing Touch          Hex            52%        N/A       1%          3
 Lesser Beckoning         Tloc           51%        N/A       1%          3
 Summon Guardian Golem    Hex/Summ       37%        N/A       1%          3
 Summon Small Mammal      Summ           84%        N/A       2%          1
 Shock                    Conj/Air       56%        1d6       4%          1
 Poisonous Vapours        Pois/Air       28%        N/A       7%          2
 Static Discharge         Conj/Air       14%        3-5/arc   7%          2
 Call Canine Familiar     Summ           21%        N/A       7%          3
 Passwall                 Tmut/Erth      7%         N/A       11%         2
 Foxfire                  Conj/Fire      16%        2x1d4     12%         1
 Magic Dart               Conj           16%        1d3       12%         1
 Necrotise                Necr           16%        1d4       12%         1
 Sandblast                Erth           8%         2d5       12%         1
 Searing Ray              Conj           8%         2d4       19%         2
 Frozen Ramparts          Ice            8%         1d2       36%         3
 Ozocubu's Armour         Ice            4%         N/A       36%         3
 Stone Arrow              Conj/Erth      8%         3d7       36%         3
 Vampiric Draining        Necr           4%         2d6       36%         3
 Manifold Assault         Tloc           51%        N/A       2%          5
 Anguish                  Hex/Necr       14%        N/A       10%         4
 Fulminant Prism          Conj/Hex       14%        3d9       10%         4
 Leda's Liquefaction      Hex/Erth       14%        N/A       10%         4
 Airstrike                Air            12%        0-5+      16%         4
 Summon Lightning Spire   Summ/Air       22%        N/A       19%         4
 Metabolic Englaciation   Hex/Ice        14%        N/A       28%         5
 Corpse Rot               Necr/Pois/Air  11%        N/A       52%         4
 Ice Form                 Ice/Tmut       9%         N/A       58%         4
 Animate Dead             Necr           4%         N/A       77%         4
 Hailstorm                Conj/Ice       4%         3d4       77%         4
 Lightning Bolt           Conj/Air       7%         1d19      77%         5
 Alistair's Intoxication  Tmut/Pois      6%         N/A       90%         5
 Borgnjor's Vile Clutch   Necr/Erth      2%         N/A       98%         5
 Fireball                 Conj/Fire      2%         3d4       98%         5
 Iskenderun's Battlesphe  Conj           4%         2d6       98%         5
 Conjure Ball Lightning   Conj/Air       7%         3x3d6     100%        6
 Eringya's Noxious Bog    Tmut/Pois      4%         N/A       100%        6
 Simulacrum               Ice/Necr       2%         N/A       100%        6
 Haunt                    Necr/Summ      6%         N/A       100%        7
 Orb of Destruction       Conj           2%         9d5       100%        7
 Spellforged Servitor     Conj/Summ      6%         N/A       100%        7
 Storm Form               Tmut/Air       9%         N/A       100%        7
 Summon Hydra             Summ           10%        N/A       100%        7
 Infestation              Necr           2%         N/A       100%        8
 Maxwell's Capacitive Co  Air            12%        ∞         100%        8
 Chain Lightning          Conj/Air       7%         3d9       100%        9
 Fire Storm               Conj/Fire      2%         8d1       100%        9
 Polar Vortex             Ice            2%         N/A       100%        9
 Shatter                  Erth           2%         3d6*      100%        9


Dungeon Overview and Level Annotations

Branches:
Dungeon (15/15)            Temple (1/1) D:5            Lair (5/5) D:11
 Shoals (4/4) Lair:3        Snake (4/4) Lair:2        Slime (0/5) Lair:4
    Orc (2/2) D:9             Elf (0/3) Orc:2        Vaults (5/5) D:13
  Crypt (0/3) Vaults:3     Depths (0/4) D:15          Sewer (visited)
Ossuary (visited)           IceCv (visited)          WizLab (visited)
Gauntlet (visited)

Altars:
Ashenzari
Cheibriados
Dithmenos
Fedhas
Gozag
Hepliaklqana
Kikubaaqudgha
Makhleb
Nemelex Xobeh
Okawaru
Qazlal
Ru
Sif Muna
Trog
Uskayaw
Vehumet
Wu Jian
Xom
Yredelemnul
Jiyva

Shops:
D:7 *   D:9 (*(::((   D:11 (   D:14 =   Orc:2 ?*([   Shoals:1 *   Shoals:2 [
Shoals:4 !   Vaults:4 [

Portals:
Trove: D:12 (give +5 demon blade)

Annotations:
D:5 2 transporters, 3 runed translucent doors, nxtlvl's ghost, novice DEMo
D:10 Harold
D:13 exclusion: orange crystal statue
Lair:4 1 runed translucent door
Snake:2 3 runed translucent doors
Vaults:3 2 runed translucent doors, Egeuwelinn's ghost, veteran GnWn


Innate Abilities, Weirdness & Mutations

Your life essence is reduced to manifest your ancestor. (-10% HP)
You have claws for hands.
You have a pair of large horns on your head.
Your demonic aura often causes spilled blood to erupt in flames.
You are partially covered in sharp spines.
Your presence sometimes corrodes or deforms those you injure.
You have a tail ending in a sharp stinger.
You sometimes lose your temper in combat.


Message History

The arrow barely misses the vault warden.
Fire: a) +5 longbow (flame)
Press: ? - help, Shift-Dir - straight line, f/p - vault warden
Aim: a vault warden, wielding a +1 vorpal battleaxe and wearing a +0 chain mail (severely wounded, covered in acid, 78% to hit)
You shoot an arrow. The arrow hits the vault warden.
The arrow burns the vault warden.
The vault warden is almost dead.
Fire: a) +5 longbow (flame)
Press: ? - help, Shift-Dir - straight line, f/p - vault warden
Aim: a vault warden, wielding a +1 vorpal battleaxe and wearing a +0 chain mail (almost dead, covered in acid, 78% to hit)
You shoot an arrow. The arrow hits the vault warden!
The arrow burns the vault warden.
You kill the vault warden!
Fire: a) +5 longbow (flame)
Press: ? - help, Shift-Dir - straight line, f - iron dragon
Aim: an iron dragon (lightly wounded, covered in acid, 87% to hit)
You shoot an arrow.
The arrow barely misses the iron dragon.
A vault sentinel comes into view.
It is wielding a +0 falchion and carrying a wand of charming (6).
The iron dragon breathes metal splinters at you.
The spray of metal splinters misses you.
Fire: a) +5 longbow (flame)
Press: ? - help, Shift-Dir - straight line, f - vault guard, p - iron dragon
Aim: a vault guard, wielding a +2 war axe of distortion, wearing a +0 chain mail, wearing a +0 kite shield and quivering stones (80% to hit)
You shoot an arrow. The vault guard blocks the arrow.
A deep elf death mage comes into view.
It is wielding a +0 great mace of holy wrath.
Your magical effects are unravelling.
You feel magically purged.
The sentinel's mark upon you fades away.
The vault guard is struck by your spines.
The vault guard hits you with a +2 war axe of distortion!
Space warps horribly around you!
* * * LOW HITPOINT WARNING * * *
As you read the scroll of teleportation, it crumbles to dust.
You feel strangely unstable. The tengu reaver misses you.
The iron dragon closely misses you. x3; The vault guard completely misses you.
The iron dragon is no longer covered in acid.
The iron dragon breathes metal splinters at you.
The spray of metal splinters hits you!!!
You die...

#pc# #.c# #cQ# #)p#
#..# #pC# #...p
#..pc##############
#..pe.pCQp.@.......
#.......D.?........
###################


You could see an iron dragon (catching breath), a tengu reaver, a yaktaur
captain, 2 vault guards, a deep elf death mage and an ettin.

Vanquished Creatures
  Frederick (Vaults:2)
  Nikola (Vaults:1)
  2 walking earthen tomes (WizLab)
  A walking divine tome (WizLab)
  Gastronok (D:12)
  Agnes (Snake:2)
  Kirke (Shoals:3)
  A storm dragon (Vaults:5)
  2 strange machines (WizLab)
  4 nagarajas (Snake:4)
  12 vault wardens
  3 frost giants
  An orc warlord (Vaults:4)
  A fire giant (Vaults:1)
  Aizul (Snake:4)
  A stone giant (Vaults:4)
  4 ironbound thunderhulks
  4 war gargoyles
  A very ugly thing (Vaults:4)
  9 ironbound preservers
  Nessos (Lair:5)
  A white draconian (IceCv)
  10 dire elephants
  A minotaur (Gauntlet)
  An ettin (Vaults:1)
  A deep elf death mage (Vaults:1)
  2 merfolk impalers (Shoals:4)
  5 great orbs of eyes
  6 yaktaur captains
  A crystal guardian (Vaults:3)
  3 merfolk javelineers (Shoals:4)
  Josephine (D:11)
  2 fire dragons (D:15)
  5 hydras
  2 ice dragons
  9 rakshasas
  3 peacekeepers
  4 salamander tyrants
  Erica (D:9)
  6 boulder beetles
  12 ironbound frosthearts
  17 centaur warriors
  9 anacondas
  5 naga warriors
  7 vault guards
  A two-headed ogre (D:11)
  An alligator snapping turtle (Shoals:3)
  6 dancing weapons (WizLab)
  4 tengu warriors
  3 satyrs
  4 merfolk aquamancers
  5 death yaks
  A deep troll shaman (Lair:5)
  3 orc high priests (Orc:2)
  2 shock serpents
  10 naga sharpshooters
  A skeletal warrior (D:13)
  Lodul (D:11)
  7 salamander mystics
  17 deep trolls
  8 sea snakes
  An orange crystal statue (IceCv)
  A glowing orange brain (D:15)
  13 ironbound convokers
  9 lindwurms
  3 phantasmal warriors
  2 deep elf pyromancers (D:14)
  3 naga ritualists
  2 necromancers
  5 mana vipers
  12 harpies
  2 wizards
  7 orc knights
  A tengu skeleton (Vaults:3)
  29 ugly things
  4 fauns (Shoals:1)
  A human zombie (Vaults:4)
  5 orc sorcerers
  6 cyclopes
  18 salamanders
  13 manticores
  An elephant (Lair:5)
  3 water nymphs
  30 black mambas
  A frost giant skeleton (Vaults:4)
  5 merfolk sirens
  11 vault sentinels
  4 guardian serpents
  2 ice statues (D:14)
  7 naga magi
  8 gargoyles (D:14)
  13 cane toads
  An unseen horror (D:12)
  A freezing wraith (D:14)
  15 rime drakes
  A tengu conjurer (Gauntlet)
  2 efreet
  21 yaktaurs
  2 kobold demonologists
  8 komodo dragons
  24 merfolk
  A queen bee (Lair:4)
  2 human skeletons
  5 meliai
  7 trolls
  14 polar bears
  6 wind drakes
  9 snapping turtles
  27 slime creatures
  7 blink frogs
  A raiju (shapeshifter) (Vaults:5)
  4 dream sheep (Shoals:2)
  23 yaks
  A vampire (D:9)
  5 wraiths
  6 wyverns
  6 hogs (Shoals:3)
  8 basilisks
  10 water elementals
  2 fire bats (Gauntlet)
  A redback (shapeshifter) (D:15)
  3 steam dragons
  3 vampire mosquitoes (D:13)
  30 nagas
  A warg (D:15)
  An acid dragon (D:10)
  19 water moccasins
  2 sky beasts
  Pargi (Sewer)
  16 orc warriors
  2 black bears
  6 wolves
  12 ogres
  11 centaurs
  5 boggarts (Vaults:1)
  2 gnoll sergeants
  9 bullfrogs
  13 scorpions
  A necrophage (D:7)
  A wight (D:6)
  21 killer bees
  3 howler monkeys
  2 centaur zombies (Ossuary)
  6 hounds
  A jelly (D:4)
  Crazy Yiuf (D:7)
  15 orc priests
  An iguana (D:6)
  3 scorpion zombies (Ossuary)
  25 orc wizards
  4 hell rats (Lair:3)
  3 mummies (Ossuary)
  Robin (D:2)
  5 river rats (D:3)
  8 adders
  20 gnolls
  A shadow imp (D:5)
  A white imp (D:5)
  A howler monkey simulacrum (D:10)
  2 worms
  67 orcs
  12 ball pythons
  3 endoplasms
  A giant cockroach (D:3)
  A gnoll zombie (Ossuary)
  9 hobgoblins
  4 quokkas
  4 bats
  A frilled lizard (D:1)
  9 goblins
  A goblin zombie (Ossuary)
  2 hobgoblin zombies (Ossuary)
  10 kobolds
  2 kobold zombies (Ossuary)
  2 orc zombies (Ossuary)
  A quokka zombie (D:6)
  9 rats
1083 creatures vanquished.

Vanquished Creatures (collateral kills)
  A sphinx (Vaults:1)
  A nagaraja (Snake:4)
  2 vault wardens (Vaults:3)
  An ironbound preserver (Vaults:2)
  An ironbound thunderhulk (Vaults:2)
  A very ugly thing (Vaults:4)
  4 dire elephants
  3 merfolk javelineers
  A salamander tyrant (Snake:4)
  A great orb of eyes (Gauntlet)
  2 merfolk avatars
  An ironbound frostheart (Vaults:3)
  A boulder beetle (Vaults:1)
  A vault guard (Vaults:5)
  3 hydras
  A death knight (D:13)
  An alligator snapping turtle (Shoals:4)
  A catoblepas (Lair:5)
  5 naga warriors
  3 two-headed ogres
  3 death yaks (Lair:5)
  A merfolk aquamancer (Shoals:3)
  2 dancing weapons (WizLab)
  A shock serpent (Snake:4)
  A fire crab (Gauntlet)
  2 salamander mystics
  5 deep trolls
  A naga ritualist (Snake:2)
  2 sea snakes
  A sphinx zombie (Vaults:1)
  A necromancer (Vaults:1)
  A lindwurm (Vaults:2)
  3 harpies
  2 ironbound convokers (Vaults:3)
  11 ugly things
  An orc sorcerer (Orc:2)
  10 salamanders
  7 manticores
  2 guardian serpents
  3 elephants (Lair:5)
  3 black mambas
  A cane toad (Lair:2)
  A gargoyle (D:13)
  A vault sentinel (Vaults:2)
  An elf skeleton (Vaults:4)
  A kobold demonologist (D:12)
  4 komodo dragons
  2 rime drakes (IceCv)
  Maggie (D:7)
  4 yaktaurs
  7 merfolk
  A meliai (D:13)
  A sphinx simulacrum (Vaults:4)
  5 polar bears (IceCv)
  2 blink frogs (Lair:3)
  10 slime creatures
  A shadow (D:10)
  2 vampires
  2 wraiths
  2 wyverns
  A fire bat (Gauntlet)
  10 yaks
  2 basilisks (Lair:1)
  A vampire mosquito (D:13)
  3 nagas
  An ogre zombie (Vaults:1)
  An acid dragon (D:9)
  Duvessa (D:7)
  2 water moccasins
  3 centaurs
  3 orc warriors
  2 ogres
  2 wolves
  A human skeleton (Vaults:3)
  A gnoll sergeant (D:7)
  A scorpion (Ossuary)
  Dowan (D:7)
  5 killer bees
  A human simulacrum (Vaults:1)
  2 centaur zombies (Ossuary)
  3 orc priests
  2 scorpion zombies (Ossuary)
  2 orc wizards (Orc:2)
  4 gnolls
  A shadow imp (D:8)
  7 orcs
  A goblin zombie (D:6)
  An orc zombie (Ossuary)
212 creatures vanquished.

Vanquished Creatures (others)
  2 yaktaur captains
  A centaur warrior (Vaults:1)
  4 yaktaurs
  A dancing weapon (WizLab)
  18 knights
  2 ancestors (D:6)
  2 bushes (Lair:2)
  12 fungi
  75 plants
117 creatures vanquished.

Grand Total: 1412 creatures vanquished

Notes
Turn   | Place    | Note
-------+----------+-------------------------------------------
     0 | D:1      | RBrandon the Demonspawn Hunter began the quest for the Orb.
     0 | D:1      | Reached XP level 1. HP: 16/16 MP: 1/1
   416 | D:1      | Found a faded altar of an unknown god.
   450 | D:1      | Reached skill level 4 in Ranged Weapons
   469 | D:1      | Gained mutation: You are partially covered in sharp spines.
                  | [demonic ancestry]
   469 | D:1      | Reached XP level 2. HP: 22/22 MP: 2/2
  1082 | D:2      | Reached XP level 3. HP: 19/27 MP: 3/3
  1091 | D:2      | Found the +1 Delatra's gloves {ID++}
  1138 | D:2      | Reached skill level 5 in Ranged Weapons
  1177 | D:2      | Reached XP level 4. HP: 33/33 MP: 4/4
  1196 | D:2      | Identified the +5 dagger "Acylorr" {speed, rF- Str+3 Int+3}
  1261 | D:2      | Noticed Robin
  1301 | D:2      | Killed Robin
  1397 | D:2      | You fall into a shaft and drop 2 floors!
  1531 | D:4      | Discovered your monstrous ancestry.
  1531 | D:4      | Gained mutation: You have sharp fingernails. [demonic
                  | ancestry]
  1531 | D:4      | Reached XP level 5. HP: 38/38 MP: 5/5
  1688 | D:3      | Found a stormy altar of Qazlal.
  1705 | D:3      | Reached skill level 6 in Ranged Weapons
  1842 | D:3      | Found a glowing drain.
  1849 | Sewer    | Entered a sewer
  1884 | Sewer    | Noticed Pargi
  1894 | Sewer    | Killed Pargi
  1895 | Sewer    | Reached skill level 7 in Ranged Weapons
  1895 | Sewer    | Reached XP level 6. HP: 21/44 MP: 6/6
  2599 | D:4      | Gained mutation: You have a pair of small horns on your
                  | head. [demonic ancestry]
  2599 | D:4      | Reached XP level 7. HP: 50/50 MP: 7/7
  2673 | D:4      | Reached skill level 8 in Ranged Weapons
  2978 | D:4      | Got the Directory of the Nimbus
  3260 | D:5      | Entered Level 5 of the Dungeon
  3361 | D:5      | Found a staircase to the Ecumenical Temple.
  3372 | Temple   | Entered the Ecumenical Temple
  3468 | Temple   | Became a worshipper of Hepliaklqana the Forgotten
  3686 | D:5      | Reached skill level 9 in Ranged Weapons
  3713 | D:5      | Found a transporter.
  3728 | D:5      | Identified the +1 chain mail of Vavofrek {rN+ Dex+2}
  3733 | D:5      | Found a transporter.
  3863 | D:5      | Found a runed translucent gate.
  3864 | D:5      | Found a runed translucent gate.
  3867 | D:5      | Found a runed translucent gate.
  3868 | D:5      | Noticed nxtlvl's ghost (novice DEMo)
  3905 | D:5      | Found a burning altar of Makhleb.
  3905 | D:5      | Found an opulent altar of Gozag.
  3974 | D:5      | Gained mutation: You have a pair of horns on your head.
                  | [demonic ancestry]
  3974 | D:5      | Reached XP level 8. HP: 37/56 MP: 8/8
  4683 | D:6      | Reached skill level 10 in Ranged Weapons
  4737 | D:6      | Reached * piety under Hepliaklqana
  4981 | D:6      | Found a sand-covered staircase.
  5004 | D:6      | Reached skill level 11 in Ranged Weapons
  5007 | D:6      | Gained mutation: You have a small tail. [demonic ancestry]
  5007 | D:6      | Reached XP level 9. HP: 54/54 MP: 9/9
  5013 | Ossuary  | Entered an ossuary
  5216 | Ossuary  | Reached skill level 12 in Ranged Weapons
  5886 | D:6      | Reached ** piety under Hepliaklqana
  5887 | D:6      | Remembered your ancestor Chakide as a knight
  6454 | D:6      | Reached skill level 13 in Ranged Weapons
  6584 | D:7      | Noticed Maggie
  6592 | D:7      | Killed Maggie
  6768 | D:7      | Found a runed translucent door.
  6769 | D:7      | Noticed Crazy Yiuf
  6812 | D:7      | Killed Crazy Yiuf
  6813 | D:7      | Gained mutation: You have very sharp fingernails. [demonic
                  | ancestry]
  6813 | D:7      | Reached XP level 10. HP: 60/60 MP: 10/10
  7090 | D:7      | Noticed Duvessa
  7091 | D:7      | Noticed Dowan
  7096 | D:7      | Killed Duvessa
  7097 | D:7      | Reached skill level 5 in Dodging
  7097 | D:7      | Killed Dowan
  7202 | D:7      | Found Huill's Elemental Accessories.
  7981 | D:8      | Found a blossoming altar of Fedhas.
  8044 | D:8      | Reached *** piety under Hepliaklqana
  8463 | D:9      | Found Qiklem's Book Shop.
  8466 | D:9      | Bought a book of Spatial Translocations for 390 gold pieces
  8468 | D:9      | Learned a level 1 spell: Apportation
  8471 | D:9      | Learned a level 2 spell: Blink
  8476 | D:9      | Learned a level 3 spell: Swiftness
  8484 | D:9      | Found Peohurch's Book Shoppe.
  8533 | D:9      | Found Soozyutt's Antique Weapon Boutique.
  8537 | D:9      | Found Peqod's Weapon Shoppe.
  8575 | D:9      | Found Udech's Weapon Shoppe.
  8653 | D:9      | Reached skill level 1 in Translocations
  8754 | D:9      | Noticed a two-headed ogre
  8758 | D:9      | Noticed Erica
  8759 | D:9      | Killed a two-headed ogre
  8828 | D:9      | Killed Erica
  8958 | D:9      | Reached skill level 5 in Translocations
  8968 | D:9      | Found a staircase to the Orcish Mines.
  8968 | D:9      | Found Ekhyeh's Weapon Emporium.
  8990 | D:9      | Reached skill level 1 in Air Magic
  9263 | D:9      | Found Fuemes's Demolitions Depot.
  9286 | D:9      | Reached XP level 11. HP: 64/64 MP: 11/11
  9569 | D:9      | Reached **** piety under Hepliaklqana
  9807 | D:9      | Noticed a four-headed hydra
  9814 | D:9      | Killed a four-headed hydra
 10018 | D:10     | Entered Level 10 of the Dungeon
 10137 | D:10     | Reached skill level 5 in Air Magic
 10412 | D:10     | Noticed Harold
 10727 | D:11     | Noticed Lodul
 10865 | D:11     | Found a staircase to the Lair.
 10877 | D:11     | Reached skill level 5 in Fighting
 10934 | D:11     | Noticed a two-headed ogre
 10940 | D:11     | Killed a two-headed ogre
 10963 | D:11     | Noticed a two-headed ogre
 11003 | D:11     | Killed a two-headed ogre
 11143 | D:11     | Found Wibug's Antique Weapon Emporium.
 11229 | D:11     | Noticed a white ugly thing
 11236 | D:11     | Killed a white ugly thing
 11316 | D:11     | Noticed Josephine
 11324 | D:11     | Killed Josephine
 11325 | D:11     | Gained mutation: You have a tail ending in a sharp stinger.
                  | [demonic ancestry]
 11325 | D:11     | Reached XP level 12. HP: 85/85 MP: 12/12
 11427 | D:11     | Noticed a two-headed ogre
 11435 | D:11     | Killed a two-headed ogre
 11437 | D:11     | Reached ***** piety under Hepliaklqana
 11492 | D:11     | Killed Lodul
 11493 | D:11     | Reached skill level 10 in Fighting
 11836 | Lair:1   | Entered Level 1 of the Lair of Beasts
 12625 | D:9      | Bought a +2 arbalest of flaming for 261 gold pieces
 12847 | Lair:2   | Noticed a death yak
 12847 | Lair:2   | Noticed a death yak
 12847 | Lair:2   | Noticed a death yak
 13084 | Lair:2   | Reached skill level 14 in Ranged Weapons
 13106 | Lair:2   | Found a staircase to the Snake Pit.
 13333 | Lair:2   | Reached ****** piety under Hepliaklqana
 13459 | Lair:2   | Noticed a death yak
 13459 | Lair:2   | Noticed a death yak
 13459 | Lair:2   | Noticed a death yak
 13469 | Lair:2   | Killed a death yak
 13473 | Lair:2   | Killed a death yak
 13480 | Lair:2   | Killed a death yak
 13732 | Lair:3   | Reached XP level 13. HP: 95/95 MP: 14/16
 13738 | Lair:3   | Reached skill level 5 in Invocations
 13749 | Lair:3   | Found a staircase to the Shoals.
 14517 | Lair:4   | Identified the +11 trident of the Shifting Jester {holy,
                  | rPois Int-3 SInv}
 14971 | Lair:4   | Identified the +5 chain mail of Good Intentions {+Blink
                  | Dex+4}
 15741 | Lair:4   | Found a runed translucent door.
 15741 | Lair:4   | Found a viscous altar of Jiyva.
 15745 | Lair:4   | Found a staircase to the Slime Pits.
 15886 | Lair:5   | Entered Level 5 of the Lair of Beasts
 15925 | Lair:5   | Reached skill level 10 in Invocations
 15971 | Lair:5   | Found a gate leading to a gauntlet.
 15983 | Gauntlet | Entered a Gauntlet
 15983 | Gauntlet | Found a transporter.
 15983 | Gauntlet | Found a transporter.
 15983 | Gauntlet | Found a transporter.
 15984 | Gauntlet | Found a transporter.
 15985 | Gauntlet | Found a transporter.
 15988 | Gauntlet | Found a transporter.
 15994 | Gauntlet | Found a transporter.
 15996 | Gauntlet | Found a transporter.
 15997 | Gauntlet | Found a transporter.
 15999 | Gauntlet | Found a large runed translucent door.
 16000 | Gauntlet | Found a large runed translucent door.
 16001 | Gauntlet | Found a large runed translucent door.
 16001 | Gauntlet | Found a large runed translucent door.
 16001 | Gauntlet | Found a runed translucent door.
 16002 | Gauntlet | Found a transporter.
 16002 | Gauntlet | Found a large runed translucent door.
 16003 | Gauntlet | Found a large runed translucent door.
 16004 | Gauntlet | Found a large runed translucent door.
 16004 | Gauntlet | Found a large runed translucent door.
 16005 | Gauntlet | Found a runed translucent gate.
 16005 | Gauntlet | Found a runed translucent gate.
 16007 | Gauntlet | Found a transporter.
 16007 | Gauntlet | Found a transporter.
 16017 | Gauntlet | Found a runed translucent gate.
 16018 | Gauntlet | Found a large runed translucent door.
 16018 | Gauntlet | Found a large runed translucent door.
 16019 | Gauntlet | Found a large runed translucent door.
 16020 | Gauntlet | Found a large runed translucent door.
 16029 | Gauntlet | Found a large runed translucent door.
 16029 | Gauntlet | Found a large runed translucent door.
 16029 | Gauntlet | Found a runed translucent door.
 16030 | Gauntlet | Found a large runed translucent door.
 16031 | Gauntlet | Found a large runed translucent door.
 16434 | Gauntlet | Reached skill level 15 in Ranged Weapons
 16440 | Gauntlet | Identified the amulet "Fydeogg" {rC+ Will+ Regen+ Str-5
                  | Int+7}
 16442 | Gauntlet | Identified the ring of Music {+Blink rN++ Dex+6}
 16464 | Gauntlet | Noticed a minotaur
 16476 | Gauntlet | Killed a minotaur
 16483 | Gauntlet | Identified the +0 helmet of Duagis {MP+9 Str+3}
 16542 | Lair:5   | Noticed Nessos
 16551 | Lair:5   | Killed Nessos
 16566 | Lair:5   | Upgraded the game from 0.29-a0-887-gcbe080d7e0 to
                  | 0.29-a0-892-g2c4c91d9db
 17075 | Lair:5   | Reached skill level 16 in Ranged Weapons
 17164 | Lair:5   | Gained mutation: Your demonic aura sometimes causes spilled
                  | blood to erupt in flames. [demonic ancestry]
 17164 | Lair:5   | Reached XP level 14. HP: 101/101 MP: 21/21
 17453 | Lair:5   | Reached skill level 17 in Ranged Weapons
 18156 | Orc:1    | Entered Level 1 of the Orcish Mines
 18536 | Orc:2    | Entered Level 2 of the Orcish Mines
 18935 | Orc:2    | Found a staircase to the Elven Halls.
 19143 | Orc:2    | Reached skill level 18 in Ranged Weapons
 19148 | Orc:2    | Gained mutation: You sometimes lose your temper in combat.
                  | [a neqoxec]
 19378 | Orc:2    | Found Bocsear's Antique Armour Shop.
 19378 | Orc:2    | Found Eqimu's Magic Scroll Shop.
 19379 | Orc:2    | Found Puamoun's Antique Weapon Emporium.
 19379 | Orc:2    | Found Pukyesig's Assorted Antiques.
 19389 | Orc:2    | Bought an encrusted leather armour for 259 gold pieces
 19389 | Orc:2    | Identified the +1 leather armour of Dishonour {+Inv Stlth+}
                  | (You bought it in a shop on level 2 of the Orcish Mines)
 19597 | Orc:2    | Bought a glimmering scale mail for 333 gold pieces
 19597 | Orc:2    | Identified the +11 scale mail of Kleptomania {rN+} (You
                  | bought it in a shop on level 2 of the Orcish Mines)
 19897 | D:12     | Noticed Gastronok
 19903 | D:12     | Killed Gastronok
 19961 | D:12     | Found a portal to a secret trove of treasure.
 20750 | D:13     | Found a gate to the Vaults.
 21192 | D:13     | Gained mutation: Your demonic aura often causes spilled
                  | blood to erupt in flames. [demonic ancestry]
 21192 | D:13     | Reached XP level 15. HP: 62/106 MP: 22/22
 22058 | D:14     | Found a frozen archway.
 22083 | IceCv    | Entered an ice cave
 22152 | IceCv    | Reached skill level 10 in Dodging
 22265 | IceCv    | Identified the +1 pair of gloves "Doakem" {Fly rCorr Int-4
                  | Dex+9}
 22751 | IceCv    | Noticed a frost giant
 22751 | IceCv    | Noticed a frost giant
 22776 | IceCv    | Killed a frost giant
 22798 | IceCv    | Killed a frost giant
 23097 | D:14     | Found Zeon's Jewellery Emporium.
 23293 | D:14     | Bought the ring "Vyej" {rPois Dex+6 SInv} for 438 gold
                  | pieces
 23803 | D:15     | Entered Level 15 of the Dungeon
 23830 | D:15     | Learned a level 3 spell: Portal Projectile
 23836 | D:15     | Learned a level 5 spell: Summon Forest
 23853 | D:15     | Gained mutation: Your presence sometimes corrodes those you
                  | injure. [demonic ancestry]
 23853 | D:15     | Reached XP level 16. HP: 112/112 MP: 23/23
 23964 | D:15     | Reached skill level 19 in Ranged Weapons
 24431 | D:15     | Found a staircase to the Depths.
 24680 | Snake:1  | Entered Level 1 of the Snake Pit
 25221 | Snake:2  | Reached skill level 20 in Ranged Weapons
 25233 | Snake:2  | Noticed Agnes
 25236 | Snake:2  | Killed Agnes
 25498 | Snake:2  | Found a runed translucent gate.
 25498 | Snake:2  | Found a runed translucent gate.
 25498 | Snake:2  | Found a runed translucent gate.
 25878 | Snake:2  | Reached skill level 21 in Ranged Weapons
 26391 | Snake:3  | Identified the +1 falchion "Subuosmi" {holy, *Noise rC+
                  | Will++ SInv}
 26448 | Snake:3  | Identified the ring "Josuim" {rF+ rN+++ Will+ MP+9 Dex-2}
 26696 | Snake:3  | Gained mutation: You have a pair of large horns on your
                  | head. [demonic ancestry]
 26696 | Snake:3  | Reached XP level 17. HP: 117/117 MP: 24/24
 27652 | Snake:4  | Entered Level 4 of the Snake Pit
 27700 | Snake:4  | Noticed Aizul
 27710 | Snake:4  | Killed Aizul
 28036 | Snake:4  | Reached skill level 22 in Ranged Weapons
 28109 | Snake:4  | Identified the +5 great sword of Kucuopexka {vorpal, Will+
                  | MP+9}
 28358 | Snake:4  | Got a serpentine rune of Zot
 28849 | Shoals:1 | Entered Level 1 of the Shoals
 29202 | Shoals:1 | Found Pacvouca's Overcharged Wands.
 29213 | Shoals:1 | Got the Handbook of the Stonemason
 29970 | Shoals:2 | Found Zyhoun's Armour Boutique.
 29994 | Shoals:2 | Reached skill level 15 in Dodging
 29994 | Shoals:2 | Gained mutation: Your presence sometimes corrodes or
                  | deforms those you injure. [demonic ancestry]
 29994 | Shoals:2 | Reached XP level 18. HP: 124/124 MP: 25/25
 29995 | Shoals:2 | Gained mutation: You have claws for hands. [demonic
                  | ancestry]
 29995 | Shoals:2 | Reached XP level 19. HP: 131/131 MP: 26/26
 30397 | Shoals:3 | Noticed Kirke
 30409 | Shoals:3 | Killed Kirke
 31154 | Shoals:4 | Entered Level 4 of the Shoals
 31154 | Shoals:4 | Found Boucwew's Distillery.
 31158 | Shoals:4 | Bought a potion of invisibility for 112 gold pieces
 31158 | Shoals:4 | Bought a potion of heal wounds for 70 gold pieces
 31158 | Shoals:4 | Bought a potion of haste for 140 gold pieces
 31168 | Shoals:4 | Reached XP level 20. HP: 137/137 MP: 27/27
 31256 | Shoals:4 | Identified a scroll of acquirement
 31498 | Shoals:4 | Got A Tutorial on Secret Knowledge
 31711 | Shoals:4 | Reached skill level 1 in Summonings
 31723 | Shoals:4 | Got the Grimoire of the Bouncing Olives
 31926 | Shoals:4 | Got a barnacled rune of Zot
 32321 | Vaults:1 | Entered Level 1 of the Vaults
 32399 | Vaults:1 | You are sucked into a shaft and drop 1 floor!
 32428 | Vaults:2 | Noticed Frederick
 32440 | Vaults:2 | Killed Frederick
 32573 | Vaults:1 | Found a magical portal.
 32578 | WizLab   | Entered Tukima's Studio
 32634 | WizLab   | Noticed RBrandon's illusion
 32697 | WizLab   | Identified the +0 longbow of Yesterday {speed, rElec Dex+4}
 32699 | WizLab   | Identified the +0 longbow of Yesterday {speed, rElec Dex+4}
 32752 | WizLab   | Noticed RBrandon's illusion
 33159 | Vaults:1 | Identified the +5 scale mail of Iteufy {Str-2 Int+5}
 33337 | Vaults:1 | Identified the +8 arbalest of Saimn {penet, rPois rF+}
 33553 | Vaults:1 | Reached skill level 10 in Translocations
 33639 | Vaults:1 | Noticed Nikola
 33677 | Vaults:1 | Killed Nikola
 34402 | Vaults:2 | Reached XP level 21. HP: 123/143 MP: 28/28
 34484 | Vaults:2 | Reached skill level 1 in Hexes
 34792 | Vaults:2 | Reached skill level 5 in Hexes
 35266 | Vaults:3 | Found a staircase to the Crypt.
 35266 | Vaults:3 | Found a basalt altar of Yredelemnul.
 35266 | Vaults:3 | Found an ancient bone altar of Kikubaaqudgha.
 35766 | Vaults:3 | Reached skill level 10 in Hexes
 35985 | Vaults:3 | Found a large runed translucent door.
 35985 | Vaults:3 | Found a large runed translucent door.
 35985 | Vaults:3 | Noticed Egeuwelinn's ghost (veteran GnWn)
 37089 | Vaults:4 | Reached skill level 1 in Spellcasting
 37242 | Vaults:4 | Found Asuics's Antique Armour Shoppe.
 37252 | Vaults:4 | Bought a glowing cloak for 292 gold pieces
 37576 | Vaults:4 | Upgraded the game from 0.29-a0-892-g2c4c91d9db to
                  | 0.29-a0-902-g0f71de6fce
 37659 | Vaults:4 | Learned a level 5 spell: Yara's Violent Unravelling
 37667 | Vaults:4 | Learned a level 7 spell: Enfeeble
 37669 | Vaults:5 | Entered Level 5 of the Vaults
 37726 | Vaults:5 | Reached skill level 1 in Transmutations
 37751 | Vaults:5 | Killed from afar by an iron dragon

Illustrated notes

Levels and vault maps discovered:
D:1:      kilobyte_arrival_exit_the_forest, layout_loops_ring,
          ebering_ecumenical_altar_webs, serial_bayou, serial_bayou_pond_d,
          serial_bayou_ford_a, serial_bayou_crossing, serial_bayou_pond_d,
          serial_bayou_lake_a, serial_bayou_shore_b
D:2:      layout_rooms, pf_guarded_unrand_delatra, uniq_robin, uniq_natasha
D:3:      layout_loops_ring, mainiacjoe_overflow_catwalk,
          mainiacjoe_overflow_alcove_2, lightli_sewer_entry_pipes
D:4:      layout_basic
D:5:      gammafunk_wand_slinger, layout_loops_corners,
          gammafunk_temple_overflow_elements, minmay_temple_entry_sparse_star,
          gammafunk_ghost_necromancy
D:6:      layout_layer_cave, enter_ossuary_4
D:7:      layout_layer_cave, chequers_serial_rivers_micro_a,
          nicolae_elemental_shop, uniq_maggie, uniq_crazy_yiuf_cottage,
          uniq_duvessa
D:8:      layout_basic, fedhas_ov_isle_minmay
D:9:      layout_cave_pods, orc_david_3, serial_shops, nicolae_lakefront_shop,
          nicolae_stop_n_shop_2, shop, nicolae_stop_n_shop_2,
          nicolae_shop_crystal, nicolae_blasting_shop, kennysheep_path_1,
          wad_woods_river_04, uniq_erica
D:10:     layout_loops_ring, minmay_misc_feat_plants, grunt_ministairs_4,
          uniq_harold
D:11:     layout_gridville, minmay_lair_entry_grove, serial_shops, shop,
          uniq_josephine, uniq_lodul
D:12:     layout_roguey, nicolae_trove_entry_isolated, kennysheep_another_room,
          uniq_gastronok
D:13:     layout_grid_maze, lightli_vaults_fourway_checkpoint,
          minmay_protected_statue
D:14:     gargoyle_guard, layout_long_grid, serial_shops, shop,
          portal_ice_cave_entry_ice_statue_two, reono_crystal_passage,
          minivault_15
D:15:     gammafunk_enter_depths_forms, layout_cross, nrook_campfire
Temple:   minmay_temple_bridge_d
Lair:1:   layout_hall_layers, grunt_megastairs_3
Lair:2:   layout_cave_pods, guppyfry_snake_entry_island, grunt_megastairs_2
Lair:3:   layout_regular_city, elwin_shoals_entry_rocks,
          kennysheep_catoblepas_arena
Lair:4:   layout_cave_pods, slime_entry_2, special_room [special_room_bee]
Lair:5:   grunt_lair_end_beastmaster, layout_gridlike, gauntlet_entry_generic,
          minmay_shattered_shrine, uniq_nessos
Shoals:1: layout_shoals, nicolae_shop_overcharged_wands
Shoals:2: layout_shoals, serial_shops, nicolae_shop_crystal
Shoals:3: layout_shoals, uniq_kirke
Shoals:4: shoals_end_simple, layout_shoals, serial_shops,
          nicolae_shop_hallway_stairs
Snake:1:  layout_basic, special_room, fake_guardian_serpent_vault
Snake:2:  layout_cave_town, nicolae_snake_horde_hoard, uniq_agnes
Snake:3:  layout_layer_cave
Snake:4:  grunt_snake_rune_pools, layout_concentric_octagons, uniq_aizul
Orc:1:    layout_diamond_mine
Orc:2:    st_orc_elflike, layout_diamond_mine, basic_altar,
          nicolae_orc_tapped_out
Vaults:1: mu_enter_wizlab_2, ontoclasm_vaults_bender, ontoclasm_vaults_tryst,
          hangedman_vaults_slither, v_misc_11, grunt_vaults_hallway_short,
          nicolae_vaults_three_branches, dpeg_vaults_waves,
          hangedman_vaults_locks, vaults_dpeg_encased_lava,
          nicolae_vaults_mini_display_case, vaults_dpeg_ring,
          grunt_vaults_hallway_short, nicolae_vaults_yaktaur_gun_rack,
          layout_vaults_big_cross, uniq_nikola
Vaults:2: grunt_vaults_funnel, grunt_vaults_focal, v_misc_4,
          hangedman_vaults_stream, vaults_dpeg_hooks, nicolae_vaults_alarming,
          v_misc_8, hangedman_vaults_corner, v_pattern_3,
          grunt_vaults_hallway_short, ontoclasm_vaults_ring_small,
          layout_vaults_big_room, uniq_frederick
Vaults:3: advil_vaults_ghost_guards, grunt_vaults_trifunnel,
          nicolae_vaults_rhombus_5, minmay_crypt_entry_necro_gods,
          ontoclasm_vaults_ring_small, vaults_mumra_hex, layout_vaults_omnigrid
Vaults:4: vaults_dpeg_doors, hangedman_vaults_stitches, v_misc_14,
          nicolae_vaults_hallways_thing, nicolae_vaults_network_periphery,
          v_misc_13, ontoclasm_vaults_claustrophobia, nicolae_vaults_theta,
          v_pattern_4, v_rooms_6, grunt_vaults_hallway_short,
          vaults_room_stairs_pillars, layout_vaults_ring, serial_shops, shop
Vaults:5: serial_shops

Skill      XL: |  1  2  3  4  5  6  7  8  9 10 11 12 13 14 15 16 17 18 19 20 21 |
---------------+----------------------------------------------------------------+-----
Ranged Weapons | 4 5 7 9 11 13 14 16 18 21 22 | 22.0
Dodging        | 4 7 12 15 16 17 | 17.0
Translocations | 5 11 12 | 12.0
Air Magic      | 2 5 |  5.0
Fighting       | 9 11 12 | 12.1
Invocations    | 4 10 | 10.4
Armour         | 4 |  4.9
Summonings     | 4 |  4.1
Hexes          | 12 | 12.2
Spellcasting   | 4 |  4.5
Transmutations | 2 |  2.4
Stealth        | |  0.8

Action                   |  1- 3 |  4- 6 |  7- 9 | 10-12 | 13-15 | 16-18 | 19-21 || total
-------------------------+-------+-------+-------+-------+-------+-------+-------++-------
Melee: Longbow           |       |       |       |       |     2 |       |       ||     2
 Fire: Shortbow          |    59 |   161 |   320 |   480 |       |       |       ||  1020
       Arbalest          |       |       |       |    80 |   171 |       |       ||   251
       Longbow           |       |       |       |       |   708 |   788 |  1209 ||  2705
 Cast: Swiftness         |       |       |       |       |     1 |     1 |       ||     2
       Apportation       |       |       |       |       |       |       |     1 ||     1
Invok: Ancestor Life: Kn |       |       |     1 |       |       |       |       ||     1
       Idealise          |       |       |       |     1 |    12 |     3 |       ||    16
       Recall Ancestor   |       |       |       |     1 |     3 |     1 |     3 ||     8
       Transference      |       |       |       |       |     2 |       |       ||     2
Evoke: Wand              |       |       |       |       |     5 |       |       ||     5
  Use: Potion            |     2 |       |       |       |    12 |     4 |     6 ||    24
       Scroll            |       |     5 |     1 |    10 |    19 |     8 |     7 ||    50
Armor: Leather armour    |     4 |    21 |    12 |       |       |       |       ||    37
       Steam dragon scal |       |       |       |     6 |    34 |    17 |     9 ||    66
       Scale mail        |       |       |       |       |    17 |       |       ||    17
Dodge: Dodged            |    17 |    38 |    29 |    64 |   203 |    95 |   212 ||   658
       Repelled          |       |       |       |       |       |       |     3 ||     3

Table legend: (Time is in decaauts)
 A = Elapsed time spent in this place.
 B = Non-inter-level travel time spent in this place.
 C = Inter-level travel time spent in this place.
 D = Time resting spent in this place.
 E = Time spent auto-exploring this place.
 F = Levels seen in this place.
 G = Mean time per level.
                   A        B        C        D        E       F      G
               +--------+--------+--------+--------+--------+-----+--------+
         Total |  36994 |  34972 |   2022 |   1784 |  25839 |  41 |  902.3 |
       Dungeon |  15160 |  14411 |    749 |    994 |  10931 |  15 | 1010.7 |
        Temple |    169 |     96 |     73 |      0 |     50 |   1 |  169.0 |
          Lair |   5834 |   5369 |    465 |    155 |   4235 |   5 | 1166.8 |
        Shoals |   3203 |   2972 |    231 |     83 |   2275 |   4 |  800.8 |
     Snake Pit |   3952 |   3768 |    184 |    207 |   2843 |   4 |  988.0 |
  Orcish Mines |   1512 |   1407 |    105 |    117 |    922 |   2 |  756.0 |
        Vaults |   4773 |   4561 |    212 |     62 |   3427 |   5 |  954.6 |
         Sewer |    150 |    150 |      0 |      0 |     99 |   1 |  150.0 |
       Ossuary |    484 |    484 |      0 |      0 |    280 |   1 |  484.0 |
      Ice Cave |    989 |    989 |      0 |    107 |    574 |   1 |  989.0 |
        Wizlab |    275 |    275 |      0 |     22 |      0 |   1 |  275.0 |
      Gauntlet |    487 |    487 |      0 |     36 |    202 |   1 |  487.0 |
               +--------+--------+--------+--------+--------+-----+--------+

Top non-repeatable levels by time:
    D:13: 1755 daAuts
     D:9: 1617 daAuts
  Lair:5: 1606 daAuts
  Lair:4: 1416 daAuts
Vaults:1: 1411 daAuts
     D:6: 1329 daAuts
 Snake:2: 1265 daAuts
 Snake:3: 1251 daAuts
Vaults:4: 1224 daAuts
     D:5: 1207 daAuts
     D:7: 1144 daAuts
   Orc:2: 1132 daAuts
    D:11: 1131 daAuts
Vaults:3: 1110 daAuts
     D:1: 1089 daAuts

Table legend:
 A = Kills in this place as a percentage of kills in entire the game.
 B = Kills by you in this place as a percentage of kills by you in the entire game.
 C = Kills by friends in this place as a percentage of kills by friends in the entire game.
 D = Other kills in this place as a percentage of other kills in the entire game.
 E = Experience gained in this place as a percentage of experience gained in the entire game.
 F = Experience gained in this place divided by the number of levels of this place that you have seen.
                   A       B       C       D       E      F
               +-------+-------+-------+-------+-------+----------------------
         Total | 100.0 | 100.0 | 100.0 | 100.0 | 100.0 | 12814.5
       Dungeon |  30.5 |  31.4 |  26.9 |   0.0 |  15.1 | 5279.4
          Lair |  12.2 |  12.0 |  13.7 |   0.0 |   9.3 | 9792.0
        Shoals |  10.7 |  10.5 |  11.8 |   0.0 |  12.7 | 16717.8
     Snake Pit |  12.1 |  11.9 |  13.7 |   0.0 |  16.6 | 21816.2
  Orcish Mines |   5.7 |   6.4 |   2.4 |   0.0 |   2.2 | 5818.5
        Vaults |  19.5 |  18.8 |  20.3 |  87.5 |  34.2 | 35946.4
         Sewer |   0.6 |   0.7 |   0.0 |   0.0 |   0.0 | 146.0
       Ossuary |   2.5 |   2.4 |   2.8 |   0.0 |   0.3 | 1325.0
      Ice Cave |   4.0 |   3.7 |   5.7 |   0.0 |   4.7 | 24616.0
        Wizlab |   1.6 |   1.7 |   0.9 |  12.5 |   3.9 | 20684.0
      Gauntlet |   0.7 |   0.5 |   1.9 |   0.0 |   0.9 | 4968.0
               +-------+-------+-------+-------+-------+----------------------
